[Event "Titled Tuesday Blitz July 25 Early 2023"]
[White "EdmundPlayer"]
[Black "Sariego Figueredo, Wilfredo"]
[BlackFideId "3500080"]
[WhiteElo "2295"]
[BlackElo "2204"]
[Result "0-1"]
[Round "8"]
[TimeControl "180+2"]
[Date "2023.07.25"]
[WhiteClock "0:00:00"]
[BlackClock "0:00:18"]
[Board "186"]

1. e4 c5 2. Nf3 a6 3. Nc3 Nc6 4. d4 cxd4 5. Nxd4 e5 6. Nde2 Bc5 7. g3 Qb6 8. Be3 Bxe3 9. fxe3 Nf6 10. Nd5 Nxd5 11. exd5 Ne7 12. Qd2 Qxb2 13. Rd1 d6 14. Nc3 O-O 15. Bd3 Bh3 16. Rb1 Qa3 17. Rxb7 Ng6 18. Rb3 Qa5 19. Bf1 Bg4 20. Bg2 f5 21. O-O e4 22. h3 Bh5 23. Qd4 Ne5 24. Kh2 Bf3 25. Rf2 Bxg2 26. Kxg2 h5 27. Rf4 g6 28. Ne2 Qxa2 29. Rc3 Rfc8 30. Rxc8+ Rxc8 31. Rf2 Rxc2 32. Kf1 Qb1+ 33. Kg2 Qb2 34. Qxb2 Rxb2 35. Nf4 Rxf2+ 36. Kxf2 Kf7 37. Ne6 a5 38. Nc7 a4 39. Nb5 Nd3+ 40. Ke2 Nb4 41. Nxd6+ Kf6 42. Nc4 Nxd5 0-1


[Site "https://www.chess.com"]

[Event "Titled Tuesday Blitz July 25 Early 2023"]
[White "UgarteCesar"]
[Black "SoyuzTM4"]
[WhiteElo "2286"]
[BlackElo "2183"]
[Result "1-0"]
[Round "8"]
[TimeControl "180+2"]
[Date "2023.07.25"]
[WhiteClock "0:01:28"]
[BlackClock "0:00:00"]
[Board "187"]

1. d4 Nf6 2. Bf4 g6 3. e3 d5 4. h3 Bg7 5. Nf3 O-O 6. Be2 c5 7. c3 Nc6 8. O-O Qb6 9. Qb3 c4 10. Qc2 Bf5 11. Qc1 Qd8 12. Nbd2 b5 13. a3 Re8 14. g4 Bd7 15. Re1 h5 16. Ne5 hxg4 17. Nxg4 Nh5 18. Bh2 e5 19. dxe5 Nxe5 20. Qd1 Qh4 21. Kg2 Nxg4 22. Bxg4 Nf6 23. Bg3 Qh6 24. Bxd7 Nxd7 25. Qg4 Nf6 26. Qh4 Qxh4 27. Bxh4 Ne4 28. Nxe4 dxe4 29. Rad1 f6 30. Rd5 a6 31. Red1 Kf7 32. Rd7+ Re7 33. R7d5 Rh8 34. Bg3 Rh5 35. Rxh5 gxh5 36. Rd5 Kg6 37. Rd6 Ra7 38. f3 exf3+ 39. Kxf3 1-0


[Site "https://www.chess.com"]

[Event "Titled Tuesday Blitz July 25 Early 2023"]
[White "Atanasov, Radislav"]
[Black "Gyulamiryan-koryun"]
[WhiteFideId "2901471"]
[WhiteElo "2245"]
[BlackElo "2056"]
[Result "0-1"]
[Round "8"]
[TimeControl "180+2"]
[Date "2023.07.25"]
[WhiteClock "0:00:00"]
[BlackClock "0:00:23"]
[Board "188"]

1. e4 e5 2. Nf3 Nc6 3. Bb5 a6 4. Ba4 Nf6 5. O-O Be7 6. Re1 b5 7. Bb3 O-O 8. a4 b4 9. a5 d6 10. c3 Bg4 11. h3 Bh5 12. d3 Rb8 13. Nbd2 Na7 14. Bc4 Qc8 15. d4 c5 16. dxe5 dxe5 17. Qc2 Nc6 18. Nh2 Rd8 19. Ndf1 Bg6 20. Ng3 Qc7 21. Bxa6 b3 22. Qe2 Nxa5 23. Nf5 Bxf5 24. exf5 c4 25. Bg5 h6 26. Bh4 e4 27. Ng4 Nxg4 28. Bxe7 Qxe7 29. Qxg4 Qc5 30. f6 g6 31. Rxe4 Rd2 32. Bxc4 Qxf2+ 33. Kh1 Nxc4 34. Rxc4 Qxf6 35. Re1 Rbd8 36. Rce4 Rxb2 37. Re8+ Rxe8 38. Rxe8+ Kg7 39. Qd4 Qxd4 40. cxd4 Rb1+ 41. Kh2 Rd1 42. Rb8 Rd3 43. d5 Kf6 44. Rb6+ Ke5 45. d6 Ke6 0-1


[Site "https://www.chess.com"]

[Event "Titled Tuesday Blitz July 25 Early 2023"]
[White "Graham, Nathaniel"]
[Black "Ardila, Oscar Humberto"]
[WhiteFideId "2007983"]
[BlackFideId "4404742"]
[WhiteElo "1985"]
[BlackElo "2230"]
[Result "1-0"]
[Round "8"]
[TimeControl "180+2"]
[Date "2023.07.25"]
[WhiteClock "0:00:06"]
[BlackClock "0:00:53"]
[Board "189"]

1. Nf3 Nf6 2. c4 g6 3. g3 Bg7 4. Nc3 O-O 5. Bg2 d6 6. O-O Nbd7 7. d3 e5 8. Rb1 Re8 9. Nd2 Nf8 10. b4 c6 11. b5 d5 12. Ba3 Be6 13. bxc6 bxc6 14. Qa4 Qd7 15. Bxf8 Bxf8 16. cxd5 Nxd5 17. Nxd5 Bxd5 18. Bxd5 Qxd5 19. Rfc1 Bh6 20. Ne4 Re6 21. Rc5 Qd7 22. Rxe5 Bg7 23. Nc5 Qe7 24. Rxe6 Qxc5 25. Rxc6 Qh5 26. Rc7 Qxe2 27. Rbb7 Rf8 28. Qf4 Qxd3 29. Rxa7 Qd1+ 30. Kg2 Qd5+ 31. Qf3 Qe6 32. h4 h5 33. Kg1 Bd4 34. Rab7 Qxa2 35. Kg2 Qe6 36. Rd7 Qa2 37. Rxd4 Qe6 38. Rdd7 Qa2 39. Qb3 Qe2 40. Rxf7 Qe4+ 41. Rf3+ Kh8 42. Qc3+ Kg8 43. Qg7# 1-0


[Site "https://www.chess.com"]

[Event "Titled Tuesday Blitz July 25 Early 2023"]
[White "Tica, Sven"]
[Black "Estevez Polanco, Leonardo Rafael"]
[WhiteFideId "14526948"]
[BlackFideId "6402798"]
[WhiteElo "2747"]
[BlackElo "2093"]
[Result "1-0"]
[Round "8"]
[TimeControl "180+2"]
[Date "2023.07.25"]
[WhiteClock "0:02:15"]
[BlackClock "0:00:10"]
[Board "190"]

1. Nf3 Nf6 2. g3 b6 3. Bg2 Bb7 4. O-O e6 5. c4 c5 6. Nc3 Be7 7. Re1 O-O 8. e4 d6 9. d4 cxd4 10. Nxd4 Nbd7 11. Be3 Rc8 12. b3 Ne5 13. h3 Nc6 14. Rc1 Nxd4 15. Qxd4 Nd7 16. Nb5 Ne5 17. Rcd1 Nc6 18. Qd2 Qd7 19. Nxd6 Rcd8 20. Nxb7 Qxb7 21. Qe2 Bb4 22. Rxd8 Rxd8 23. Rd1 e5 24. Rxd8+ Nxd8 25. Qd3 Qc7 26. h4 Ne6 27. Bh3 Nc5 28. Qd5 Qb8 29. Bc1 Bc3 30. a3 Bd4 31. b4 Nd3 32. Be3 Bxe3 33. fxe3 g6 34. Qxd3 1-0


[Site "https://www.chess.com"]

[Event "Titled Tuesday Blitz July 25 Early 2023"]
[White "Semenova, Alina"]
[Black "Voege, Tobias"]
[WhiteFideId "24113875"]
[BlackFideId "1270513"]
[WhiteElo "2076"]
[BlackElo "2602"]
[Result "0-1"]
[Round "8"]
[TimeControl "180+2"]
[Date "2023.07.25"]
[WhiteClock "0:01:39"]
[BlackClock "0:02:09"]
[Board "191"]

1. e4 e6 2. d4 d5 3. exd5 Nf6 4. dxe6 Bxe6 5. Nf3 c5 6. Be2 Nc6 7. c3 cxd4 8. Nxd4 Nxd4 9. Qxd4 Qxd4 10. cxd4 Bb4+ 11. Bd2 Bxd2+ 12. Nxd2 O-O-O 13. Nf3 Kb8 14. O-O Nd5 15. Rfd1 Nf4 16. Bf1 Bg4 17. Rd2 Bxf3 18. gxf3 Rd6 19. Bc4 f6 20. Re1 Rhd8 21. d5 Kc7 22. Re7+ R6d7 23. d6+ Kc6 24. Rxd7 Rxd7 25. Rd4 g5 26. Bg8 Ne2+ 0-1


[Site "https://www.chess.com"]

[Event "Titled Tuesday Blitz July 25 Early 2023"]
[White "Wisniowski, Natalie"]
[Black "Castella Garcia, Fausto"]
[WhiteFideId "30929261"]
[BlackFideId "3501922"]
[WhiteElo "2071"]
[BlackElo "2440"]
[Result "0-1"]
[Round "8"]
[TimeControl "180+2"]
[Date "2023.07.25"]
[WhiteClock "0:00:00"]
[BlackClock "0:01:17"]
[Board "192"]

1. e4 c5 2. d4 cxd4 3. c3 e5 4. cxd4 exd4 5. Qxd4 Nc6 6. Qd1 Nf6 7. Nc3 Bb4 8. Bd2 O-O 9. Nf3 d5 10. exd5 Nxd5 11. Nxd5 Qxd5 12. Bxb4 Nxb4 13. Qxd5 Nxd5 14. Bd3 Re8+ 15. Kd2 Rd8 16. Rad1 Nf4 17. Kc3 Bg4 18. Be4 Rdc8+ 19. Kb3 f5 20. Bc2 Nxg2 21. Rd3 f4 22. Ne5 Be6+ 23. Ka3 Rxc2 24. Rg1 Rxf2 25. Rd4 Re8 0-1


[Site "https://www.chess.com"]

[Event "Titled Tuesday Blitz July 25 Early 2023"]
[White "Goughfather"]
[Black "Vafin, Ayrat"]
[BlackFideId "4146530"]
[WhiteElo "2043"]
[BlackElo "2342"]
[Result "1-0"]
[Round "8"]
[TimeControl "180+2"]
[Date "2023.07.25"]
[WhiteClock "0:00:47"]
[BlackClock "0:00:17"]
[Board "193"]

1. d4 d5 2. Nc3 e6 3. e4 Nf6 4. exd5 Nxd5 5. Bd2 Be7 6. Nf3 O-O 7. Bd3 b6 8. Qe2 Bb7 9. a3 Nd7 10. Ne4 c5 11. dxc5 Nxc5 12. Nxc5 Bxc5 13. O-O Nf6 14. Bc3 Re8 15. Rad1 Qe7 16. Ng5 h6 17. Bxf6 Qxf6 18. Ne4 Bxe4 19. Qxe4 Qxb2 20. a4 Qd4 21. Qh7+ Kf8 22. Bb5 Qf6 23. Qh8+ Ke7 24. Rd7# 1-0


[Site "https://www.chess.com"]

[Event "Titled Tuesday Blitz July 25 Early 2023"]
[White "Winkels, Marcel"]
[Black "Viskelis, Darius"]
[WhiteFideId "1003887"]
[BlackFideId "12800830"]
[WhiteElo "2050"]
[BlackElo "2325"]
[Result "0-1"]
[Round "8"]
[TimeControl "180+2"]
[Date "2023.07.25"]
[WhiteClock "0:00:00"]
[BlackClock "0:01:00"]
[Board "194"]

1. e4 c5 2. Nf3 g6 3. d4 cxd4 4. Nxd4 Bg7 5. c4 Nc6 6. Be3 Nf6 7. Nc3 O-O 8. Bd3 Ng4 9. Nxc6 Nxe3 10. Nxd8 Bxc3+ 11. bxc3 Nxd1 12. Rxd1 Rxd8 13. c5 b6 14. cxb6 axb6 15. Bc4 Bb7 16. f3 d6 17. Rb1 Rdc8 18. Rb4 b5 19. Bb3 Rxc3 20. Kd2 Rc5 21. Rc1 Rac8 22. Rc2 Bc6 23. Rd4 Kf8 24. Rd3 f6 25. Rdc3 Bd7 26. Bd5 b4 27. Rxc5 dxc5 28. Bc4 e6 29. Ke3 Ke7 30. Rd2 Bc6 31. f4 Rd8 32. Rxd8 Kxd8 33. Bxe6 Bb5 34. Bg8 h6 35. Bf7 g5 36. e5 Ke7 37. Bd5 gxf4+ 38. Kxf4 c4 39. exf6+ Kxf6 40. Ke4 c3 41. Bb3 Bc6+ 42. Ke3 Bxg2 43. Kd4 Kg5 44. Kc5 Be4 45. Kxb4 c2 46. Bxc2 Bxc2 47. a4 Kh4 48. a5 Kh3 49. Kc5 Be4 50. a6 Kxh2 51. Kd4 Ba8 52. Kc5 h5 0-1


[Site "https://www.chess.com"]

[Event "Titled Tuesday Blitz July 25 Early 2023"]
[White "Vifleemskaia, Svetlana"]
[Black "Bogumil, Tatiana"]
[WhiteFideId "4129490"]
[BlackFideId "4110579"]
[WhiteElo "2314"]
[BlackElo "2022"]
[Result "1-0"]
[Round "8"]
[TimeControl "180+2"]
[Date "2023.07.25"]
[WhiteClock "0:02:30"]
[BlackClock "0:00:00"]
[Board "195"]

1. d4 Nf6 2. c4 c5 3. d5 b5 4. Nd2 d6 5. e4 bxc4 6. Bxc4 Nfd7 7. b3 Ne5 8. Bb2 Nxc4 9. Nxc4 Ba6 10. Nf3 Bxc4 11. bxc4 Qa5+ 12. Qd2 Qxd2+ 13. Kxd2 Nd7 14. Bc3 Nf6 15. Kd3 g6 16. h3 Bg7 17. Rab1 O-O 18. Rb7 Rfe8 19. Rhb1 h6 20. g3 Nh5 21. a4 Bxc3 22. Kxc3 1-0


[Site "https://www.chess.com"]

[Event "Titled Tuesday Blitz July 25 Early 2023"]
[White "Lohani, Sujana"]
[Black "Hrescak, Ivana"]
[WhiteFideId "12311987"]
[BlackFideId "14613441"]
[WhiteElo "1934"]
[BlackElo "2129"]
[Result "0-1"]
[Round "8"]
[TimeControl "180+2"]
[Date "2023.07.25"]
[WhiteClock "0:00:00"]
[BlackClock "0:00:25"]
[Board "196"]

1. d4 d5 2. Nf3 Nf6 3. c4 c6 4. g3 Bg4 5. Bg2 dxc4 6. O-O e6 7. Ne5 Nbd7 8. Nxc4 Be7 9. Nc3 O-O 10. Qc2 Rc8 11. e4 Nb6 12. Ne3 Qxd4 13. Nxg4 Nxg4 14. h3 Ne5 15. Be3 Qd3 16. Qc1 Rfd8 17. Rd1 Qc4 18. Qc2 Rxd1+ 19. Rxd1 Rd8 20. Rxd8+ Bxd8 21. Qd2 Qd3 22. Qc1 Nec4 23. Bf1 Qd7 24. Ne2 Bf6 25. b3 Nxe3 26. Qxe3 h6 27. e5 Be7 28. Nc3 Bb4 29. Ne4 Qd5 30. f4 Nd7 31. Kh2 a5 32. Bc4 Qd1 33. Nf2 Qc2 34. Kg2 Bc5 35. Qf3 Qxa2 0-1


[Site "https://www.chess.com"]

[Event "Titled Tuesday Blitz July 25 Early 2023"]
[White "Lisjak, Zlatko"]
[Black "Saim, Mohamed Ilias"]
[WhiteFideId "14502186"]
[BlackFideId "7900465"]
[WhiteElo "2127"]
[BlackElo "1920"]
[Result "0-1"]
[Round "8"]
[TimeControl "180+2"]
[Date "2023.07.25"]
[WhiteClock "0:00:00"]
[BlackClock "0:01:26"]
[Board "197"]

1. e4 c6 2. d4 d5 3. f3 Qb6 4. Nc3 e5 5. dxe5 Bc5 6. exd5 Bf2+ 7. Ke2 Bxg1 8. Qe1 Bd4 9. dxc6 Nxc6 10. g3 Nge7 11. Bg2 Bxe5 12. Be3 Bd4 13. Bxd4 Nxd4+ 14. Kf1 Nxc2 15. Qe5 f6 16. Qe2 Nxa1 17. h4 Qa6 18. Nb5 O-O 0-1


[Site "https://www.chess.com"]

[Event "Titled Tuesday Blitz July 25 Early 2023"]
[White "Zepeda Berlanga, Jan Enrique"]
[Black "Jahnz, Fabian"]
[WhiteFideId "5132355"]
[BlackFideId "4653300"]
[WhiteElo "1847"]
[BlackElo "2103"]
[Result "0-1"]
[Round "8"]
[TimeControl "180+2"]
[Date "2023.07.25"]
[WhiteClock "0:00:14"]
[BlackClock "0:00:11"]
[Board "198"]

1. c4 c6 2. Nc3 Nf6 3. Nf3 d5 4. e3 g6 5. d4 Bg7 6. Be2 O-O 7. cxd5 cxd5 8. O-O Nc6 9. Bd2 Bg4 10. Rc1 a6 11. a3 Rc8 12. h3 Bf5 13. Na4 Ne4 14. Nc5 Nxc5 15. Rxc5 e5 16. Qb3 exd4 17. exd4 Nxd4 18. Nxd4 Rxc5 19. Nxf5 gxf5 20. Bb4 Re8 21. Bxc5 Rxe2 22. Qxb7 Rxb2 23. Qxa6 d4 24. Rd1 Rc2 25. Qb6 Qxb6 26. Bxb6 Rc4 27. Kf1 Kf8 28. Ke2 Rc2+ 29. Kf3 Rc3+ 30. Kf4 d3 31. a4 Ke8 32. a5 d2 33. Be3 Bh6+ 34. Kf3 f4 35. Rxd2 fxe3 36. Re2 Kd7 37. fxe3 Ra3 38. g4 Rxa5 39. h4 Ke6 40. Rc2 Kd6 41. Rd2+ Ke7 42. Rd4 Bg7 43. Re4+ Kd7 44. Rc4 Ra3 45. Rb4 Ke7 46. Rb7+ Ke6 47. Rb6+ Kd7 48. Rb7+ Ke8 49. Rb8+ Ke7 50. Rb7+ Kf6 51. Rb6+ Ke5 52. Rb5+ Kd6 53. Rb6+ Kc7 54. Rb5 Bd4 55. Rf5 Rxe3+ 56. Kf4 Re7 57. Rd5 Be3+ 58. Kf3 Kc6 59. Rh5 f6 60. Rf5 Bd4 61. Rf4 Be5 62. Rf5 Kd6 63. h5 Rg7 64. h6 Rg6 65. Ke4 Rxh6 66. Kf3 Rg6 67. Rh5 h6 68. Rh3 Ke6 69. Rh5 Bd6 70. Rf5 Rg5 71. Rxg5 hxg5 72. Ke4 Be5 73. Kf3 f5 74. Kg2 fxg4 75. Kf2 Kf5 76. Kg2 Bg7 77. Kf1 Kf4 78. Kg2 g3 79. Kh3 g4+ 80. Kg2 Bh8 81. Kg1 Kf3 82. Kh1 g2+ 83. Kh2 g3+ 84. Kh3 g1=Q 85. Kh4 Qh2+ 86. Kg5 g2 87. Kf5 Bf6 88. Kg6 g1=Q+ 89. Kxf6 Qh6+ 90. Ke5 Qe1+ 91. Kf5 Qee6# 0-1


[Site "https://www.chess.com"]

[Event "Titled Tuesday Blitz July 25 Early 2023"]
[White "Navyblue1"]
[Black "Novikova, Margarita"]
[BlackFideId "14109689"]
[WhiteElo "1912"]
[BlackElo "2160"]
[Result "0-1"]
[Round "8"]
[TimeControl "180+2"]
[Date "2023.07.25"]
[WhiteClock "0:00:00"]
[BlackClock "0:00:19"]
[Board "199"]

1. d4 e5 2. dxe5 Nc6 3. Nf3 Qe7 4. Qd5 Nb4 5. Qc4 d5 6. exd6 Qxd6 7. a3 Nc6 8. Bf4 Qd8 9. Nc3 Be6 10. Qb5 Rb8 11. e3 a6 12. Qd3 Qc8 13. Be2 Nf6 14. O-O Be7 15. Nd4 Nxd4 16. exd4 Bf5 17. Qd2 O-O 18. Bf3 Rd8 19. Rfe1 Bc5 20. Be5 Ng4 21. Bxg4 Bxg4 22. Qf4 Bb6 23. Qe4 Bf5 24. Qh4 Bg6 25. Rad1 Bxc2 26. Rd2 Bg6 27. h3 Qd7 28. d5 Rbc8 29. Red1 Qf5 30. Bd4 Bxd4 31. Rxd4 Qc2 32. R4d2 Qb3 33. Qb4 Qxb4 34. axb4 Rd6 35. Rd4 Rcd8 36. R1d2 c6 37. f3 f6 38. Kf2 Bf7 39. Ke3 Bxd5 40. Nxd5 cxd5 41. Kd3 Kf7 42. Rc2 R8d7 43. Rc5 Ke6 44. g4 g6 45. f4 Rc6 46. b3 f5 47. Rxc6+ bxc6 48. Ke3 Kf6 49. g5+ Ke6 50. Kf3 Kd6 51. Rd2 Rb7 52. Rd4 Re7 53. Rd1 Re4 54. Ra1 Rxb4 55. Rxa6 Rxb3+ 56. Kg2 Rb4 57. Kg3 Rb3+ 58. Kg2 d4 59. Ra7 d3 60. Rxh7 c5 61. Rh8 c4 62. Rd8+ Kc5 63. h4 Rb2+ 64. Kg3 d2 65. h5 gxh5 66. g6 c3 67. g7 Rb1 0-1


[Site "https://www.chess.com"]

[Event "Titled Tuesday Blitz July 25 Early 2023"]
[White "Clawitter, Craig"]
[Black "Guevara Sanchez, Erick Marvin"]
[WhiteFideId "2023105"]
[BlackFideId "6700136"]
[WhiteElo "2289"]
[BlackElo "2082"]
[Result "0-1"]
[Round "8"]
[TimeControl "180+2"]
[Date "2023.07.25"]
[WhiteClock "0:00:00"]
[BlackClock "0:00:30"]
[Board "200"]

1. e4 c5 2. Nf3 Nc6 3. d4 cxd4 4. Nxd4 g6 5. Nc3 Bg7 6. Be3 d6 7. f3 Qb6 8. Nf5 Qxb2 9. Nxg7+ Kf8 10. Bd2 Kxg7 11. Rb1 Qa3 12. Nb5 Qc5 13. Bd3 Nf6 14. Qe2 Nd4 15. Nxd4 Qxd4 16. Be3 Qc3+ 17. Kf2 Rd8 18. Rb3 Qc7 19. h4 h5 20. Bd2 Be6 21. Rc3 Qb6+ 22. Be3 Qa5 23. Qd2 Rac8 24. Rxc8 Qxd2+ 25. Bxd2 Rxc8 26. Rb1 b6 27. a4 Nd7 28. a5 bxa5 29. Bxa5 Ne5 30. Rb7 Nxd3+ 31. cxd3 a6 32. Rxe7 d5 33. f4 dxe4 34. dxe4 Rc2+ 35. Kf3 Ra2 36. Bb6 Bg4+ 37. Kg3 a5 38. Ra7 a4 39. Bd4+ Kh7 40. Rxf7+ Kg8 41. Ra7 Be2 42. Rg7+ Kf8 43. Rxg6 a3 44. Ra6 Bxa6 0-1


[Site "https://www.chess.com"]

[Event "Titled Tuesday Blitz July 25 Early 2023"]
[White "campochess"]
[Black "Hartikainen, Jarmo"]
[BlackFideId "503134"]
[WhiteElo "2139"]
[BlackElo "2085"]
[Result "1-0"]
[Round "8"]
[TimeControl "180+2"]
[Date "2023.07.25"]
[WhiteClock "0:02:39"]
[BlackClock "0:00:39"]
[Board "201"]

1. d4 d5 2. Bg5 h6 3. Bh4 c5 4. dxc5 Qa5+ 5. Nc3 e6 6. e4 dxe4 7. b4 Qc7 8. Nb5 Qd7 9. Qxd7+ Kxd7 10. O-O-O+ Kc6 11. Nd4+ Kd7 12. Bb5+ Nc6 13. Nxc6+ 1-0


[Site "https://www.chess.com"]

[Event "Titled Tuesday Blitz July 25 Early 2023"]
[White "Floresvillar Gonzalez, Luis Migu"]
[Black "Latreche, Khadidja"]
[WhiteFideId "5100542"]
[BlackFideId "7901780"]
[WhiteElo "2081"]
[BlackElo "2118"]
[Result "0-1"]
[Round "8"]
[TimeControl "180+2"]
[Date "2023.07.25"]
[WhiteClock "0:00:00"]
[BlackClock "0:00:28"]
[Board "202"]

1. d4 Nf6 2. c3 d6 3. Bg5 Nbd7 4. Nf3 e5 5. e3 Be7 6. Nbd2 O-O 7. h4 c6 8. dxe5 dxe5 9. e4 Qc7 10. Bc4 Rd8 11. Qe2 b5 12. Bb3 a5 13. a3 Ba6 14. h5 Rab8 15. h6 g6 16. c4 b4 17. a4 Nc5 18. O-O Rd3 19. Bc2 Rd7 20. b3 Rbd8 21. Rad1 Bc8 22. Rfe1 Rd6 23. Nf1 Bg4 24. Rxd6 Qxd6 25. Rd1 Qc7 26. Rxd8+ Bxd8 27. Ne3 Be6 28. Qd2 Qd7 29. Qxd7 Ncxd7 30. Nd2 Bb6 31. Kf1 Ne8 32. Ke2 f6 33. Bh4 g5 34. Bg3 Nd6 35. f3 Nc5 36. Bf2 Bf7 37. Nf5 Nc8 38. Ne7+ Nxe7 39. g4 Nd7 40. c5 Bxc5 0-1


[Site "https://www.chess.com"]

[Event "Titled Tuesday Blitz July 25 Early 2023"]
[White "Vachier-Lagrave, Maxime"]
[Black "Duda, Jan-Krzysztof"]
[WhiteFideId "623539"]
[BlackFideId "1170546"]
[WhiteElo "3150"]
[BlackElo "3013"]
[Result "1-0"]
[Round "9"]
[TimeControl "180+2"]
[Date "2023.07.25"]
[WhiteClock "0:00:14"]
[BlackClock "0:00:00"]
[Board "1"]

1. e4 c5 2. Nf3 d6 3. d4 cxd4 4. Nxd4 Nf6 5. Nc3 a6 6. Nb3 Nc6 7. Be3 e6 8. g4 b5 9. g5 b4 10. Nd5 Nd7 11. Nf4 Bb7 12. h4 a5 13. Bg2 a4 14. Nd2 Nde5 15. Nh5 Qc7 16. f4 Nd7 17. O-O g6 18. Ng3 Ba6 19. Rf2 Bg7 20. Rb1 a3 21. bxa3 bxa3 22. Rb3 O-O 23. h5 Bb2 24. e5 dxe5 25. Nde4 Rfd8 26. hxg6 fxg6 27. Qg4 Bc4 28. f5 Bxb3 29. fxg6 hxg6 30. cxb3 Nd4 31. Nf6+ Nxf6 32. gxf6 Kf7 33. Ne4 Nf5 34. Ng5+ Kxf6 35. Nxe6 Qd6 36. Qg5+ Kxe6 37. Qxg6+ Ke7 38. Bg5+ Kd7 39. Qxf5+ Kc7 40. Rc2+ Kb8 41. Bxd8 1-0


[Site "https://www.chess.com"]

[Event "Titled Tuesday Blitz July 25 Early 2023"]
[White "Anton Guijarro, David"]
[Black "Dubov, Daniil"]
[WhiteFideId "2285525"]
[BlackFideId "24126055"]
[WhiteElo "2969"]
[BlackElo "3110"]
[Result "0-1"]
[Round "9"]
[TimeControl "180+2"]
[Date "2023.07.25"]
[WhiteClock "0:00:00"]
[BlackClock "0:00:02"]
[Board "2"]

1. d4 Nf6 2. Nf3 d5 3. e3 g6 4. b4 Bf5 5. c4 e6 6. a3 Nbd7 7. Bb2 c6 8. Be2 Bd6 9. O-O h5 10. Nbd2 Ne4 11. Ne5 Nxd2 12. Qxd2 Nxe5 13. dxe5 Be7 14. Rfd1 O-O 15. f3 g5 16. Qc3 Bg6 17. e4 Qb6+ 18. c5 Qc7 19. Bd3 a5 20. exd5 cxd5 21. Bxg6 fxg6 22. Qd3 Kh7 23. Bd4 Rf4 24. Rdc1 Bf8 25. g3 Rf5 26. b5 Bg7 27. c6 bxc6 28. Rxc6 Qf7 29. Rf1 Bxe5 30. Bxe5 Rxe5 31. b6 Kh6 32. Rc7 Qf6 33. b7 Rb8 34. Rb1 Rf5 35. Rc8 Rxf3 36. Qd2 Rxb7 37. Rh8+ Qxh8 38. Rxb7 Qa1+ 0-1


[Site "https://www.chess.com"]

[Event "Titled Tuesday Blitz July 25 Early 2023"]
[White "ChessBrah"]
[Black "So, Wesley"]
[BlackFideId "5202213"]
[WhiteElo "2949"]
[BlackElo "3109"]
[Result "0-1"]
[Round "9"]
[TimeControl "180+2"]
[Date "2023.07.25"]
[WhiteClock "0:00:02"]
[BlackClock "0:00:10"]
[Board "3"]

1. e4 c5 2. Nf3 d6 3. d4 cxd4 4. Nxd4 Nf6 5. Nc3 a6 6. Be3 Ng4 7. Bc1 Nc6 8. h3 Nf6 9. Be3 e5 10. Nf3 Be7 11. Bc4 Na5 12. Bd5 O-O 13. Qd3 Bd7 14. b4 Nc6 15. a3 Rc8 16. O-O Qc7 17. Bd2 Na7 18. Rfc1 Be6 19. Bxe6 fxe6 20. Ng5 Qd7 21. Be3 Nc6 22. Na4 Bd8 23. c4 h6 24. Nf3 Ne7 25. Nc3 Ng6 26. c5 dxc5 27. Qxd7 Nxd7 28. bxc5 Be7 29. Na4 Rc7 30. Rab1 Rfc8 31. Rd1 Kf7 32. g3 Nb8 33. h4 h5 34. Nb6 Re8 35. Nc4 Nc6 36. Rd3 Rd8 37. Rxd8 Bxd8 38. Nd6+ Kf8 39. Nxb7 Be7 40. Rb6 a5 41. Kg2 Ke8 42. Nd6+ Kd7 43. Nc4 Bf6 44. Ra6 Rb7 45. Nxa5 Nxa5 46. Rxa5 Ne7 47. Ra6 Nc6 48. Rb6 Ra7 49. Rb3 Ra4 50. Rd3+ Kc7 51. Nd2 Be7 52. Rc3 Nd4 53. Kf1 Kc6 54. Nc4 Bf6 55. Nb6 Ra6 56. a4 Be7 57. Nc4 Bf6 58. Nb6 Be7 59. Nc4 Bf6 60. f4 exf4 61. gxf4 Nf3 62. e5 Bxh4 63. Ke2 Nh2 64. a5 Be7 65. Rb3 Ng4 66. Rb6+ Rxb6 67. cxb6 Kb7 68. Bg1 Ka6 69. Kf3 g6 70. Nd6 Bd8 71. Nf7 Be7 72. Nd6 Bd8 73. Nb5 Kxb5 74. b7 Bc7 75. Ba7 Kxa5 76. b8=Q Bxb8 77. Bxb8 Kb5 78. Bd6 Kc6 79. Kg3 Ne3 80. Ba3 Nf5+ 81. Kf3 Kd5 82. Bb2 Kc4 83. Ke4 Kc5 84. Ba3+ Kc4 85. Bb2 Nh6 86. Ba3 Ng4 87. Be7 Nf2+ 88. Kf3 Nd3 89. Kg3 Kd4 90. Kh4 Ke4 91. Kg5 Nxf4 92. Bb4 Ng2 93. Kxg6 h4 94. Be1 h3 95. Bg3 Kf3 96. Bh2 Ne3 97. Kh5 Ng4 98. Kh4 Nxh2 99. Kxh3 Ng4 0-1


[Site "https://www.chess.com"]

[Event "Titled Tuesday Blitz July 25 Early 2023"]
[White "Tari, Aryan"]
[Black "Kramnik, Vladimir"]
[WhiteFideId "1510045"]
[BlackFideId "4101588"]
[WhiteElo "2934"]
[BlackElo "3002"]
[Result "1-0"]
[Round "9"]
[TimeControl "180+2"]
[Date "2023.07.25"]
[WhiteClock "0:00:51"]
[BlackClock "0:00:00"]
[Board "4"]

1. e4 c5 2. Nc3 e6 3. d4 cxd4 4. Qxd4 Nc6 5. Qd3 a6 6. Qg3 b5 7. Bg5 Nf6 8. e5 b4 9. exf6 gxf6 10. Bd2 bxc3 11. Bxc3 d5 12. O-O-O e5 13. Qf3 Be6 14. Bc4 Bh6+ 15. Kb1 O-O 16. Bxd5 Nd4 17. Qg3+ Kh8 18. Bxe6 fxe6 19. Nf3 Qe7 20. Nxd4 exd4 21. Rxd4 Rab8 22. Rhd1 Rb7 23. Qd6 Qf7 24. Qxa6 Re7 25. Rd8 Ree8 26. R8d7 Qg6 27. g3 e5 28. a4 Bg7 29. a5 Qg4 30. Qd3 Qa4 31. Rb7 Rg8 32. h4 1-0


[Site "https://www.chess.com"]

[Event "Titled Tuesday Blitz July 25 Early 2023"]
[White "Terry, Renato"]
[Black "Iturrizaga Bonelli, Eduardo"]
[WhiteFideId "3803457"]
[BlackFideId "3901211"]
[WhiteElo "2966"]
[BlackElo "2927"]
[Result "0-1"]
[Round "9"]
[TimeControl "180+2"]
[Date "2023.07.25"]
[WhiteClock "0:00:00"]
[BlackClock "0:00:01"]
[Board "5"]

1. d4 Nf6 2. Nf3 g6 3. Bg5 Bg7 4. c3 d6 5. Nbd2 O-O 6. e4 Nc6 7. Bb5 Bd7 8. O-O a6 9. Ba4 b5 10. Bb3 e5 11. Re1 h6 12. Bh4 Kh7 13. dxe5 dxe5 14. Nf1 Qe8 15. Bc2 Rd8 16. Qe2 Be6 17. Ne3 Rd6 18. a4 Qb8 19. axb5 axb5 20. b4 Nh5 21. Red1 Nf4 22. Qf1 Qb7 23. Nd2 g5 24. Bg3 Rfd8 25. Nb3 Rxd1 26. Rxd1 Rxd1 27. Qxd1 Bf8 28. Nd5 Qa7 29. h4 Kg6 30. Kh2 Bd6 31. Bxf4 gxf4 32. Nxf4+ exf4 33. e5+ Kg7 34. exd6 Qxf2 35. dxc7 Ne5 36. Qd4 Qxh4+ 37. Kg1 Qe1+ 38. Kh2 f6 39. Bd1 Qh4+ 40. Kg1 Qe1+ 41. Kh2 Qg3+ 42. Kh1 f3 43. gxf3 Nxf3 44. Bxf3 Qxf3+ 45. Kg1 Qg3+ 46. Kh1 Qh3+ 47. Kg1 Qg3+ 48. Kh1 Qxc7 49. Nc5 Bf5 50. Kg2 h5 51. Qd5 Qf4 52. Qb7+ Kg6 53. Qxb5 Qd2+ 54. Kg1 Qe3+ 55. Kg2 Qh3+ 56. Kf2 Qxc3 57. Qe8+ Kg5 0-1


[Site "https://www.chess.com"]

[Event "Titled Tuesday Blitz July 25 Early 2023"]
[White "Bluebaum, Matthias"]
[Black "Megaranto, Susanto"]
[WhiteFideId "24651516"]
[BlackFideId "7101384"]
[WhiteElo "3057"]
[BlackElo "2953"]
[Result "1/2-1/2"]
[Round "9"]
[TimeControl "180+2"]
[Date "2023.07.25"]
[WhiteClock "0:00:59"]
[BlackClock "0:00:21"]
[Board "6"]

1. d4 d5 2. c4 Nc6 3. Nc3 Nf6 4. Nf3 dxc4 5. e4 Bg4 6. Be3 e6 7. Bxc4 Bb4 8. Qc2 Bxf3 9. gxf3 O-O 10. Rd1 Nh5 11. a3 Bxc3+ 12. bxc3 Qe7 13. Rg1 g6 14. f4 Qf6 15. f5 exf5 16. e5 Nxe5 17. dxe5 Qxe5 18. Kf1 Rad8 19. Bd4 Qxh2 20. Qe2 Qh3+ 21. Ke1 Rde8 22. Be5 Nf4 23. Bxf4 Qxc3+ 24. Kf1 Qh3+ 25. Rg2 Qh1+ 26. Rg1 Qh3+ 27. Rg2 Qh1+ 28. Rg1 Qh3+ 1/2-1/2


[Site "https://www.chess.com"]